 Dungeon Crawl Stone Soup version 0.29.1-13-g9f3cf754e1 (webtiles) character file.

Game seed: 13877762022789075291

121 hawla the Chiller (level 5, -4/39 HPs)
             Began as a Meteoran Ice Elementalist on Jan 23, 2023.
             Slain by a river rat (10 damage)
             ... on level 4 of the Dungeon on Jan 24, 2023.
             The game lasted 00:04:45 (824 turns).

hawla the Chiller (Meteoran Ice Elementalist)        Turns: 824, Time: 00:04:46

Health: -4/39      AC: -1    Str:  9    XL:     5   Next: 51%
Magic:  2/10       EV: 13    Int: 18    God:
Gold:   102        SH:  0    Dex: 15    Spells: 2/10 levels left

rFire   . . .      SeeInvis .   d - +1 quick blade
rCold   . . .      Faith    .   (no shield)
rNeg    . . .      Spirit   .   a - +1 robe
rPois   .          Reflect  .   (no helmet)
rElec   .          Harm     .   (no cloak)
rCorr   .          Rampage  .   (no gloves)
Will    .....                   (no boots)
Stlth   +.........              (no amulet)
HPRegen 0.13/turn               (no ring)
MPRegen 0.12/turn               (no ring)

@: corroded, glowing
A: sense surroundings 1, otherworldly, glowing, explore regen
a: no special abilities


You were on level 4 of the Dungeon.
You visited 1 branch of the dungeon, and saw 4 of its levels.

You collected 102 gold pieces.

Inventory:

Hand Weapons
 d - a +1 quick blade (weapon)
Armour
 a - a +1 robe (worn)
Potions
 b - a potion of magic
 c - 4 potions of curing {unknown}
 e - a potion of degeneration {unknown}
 h - a potion of cancellation {unknown}
 i - a potion of heal wounds {unknown}
 j - a potion of flight {unknown}
 k - a potion of mutation {unknown}


   Skills:
 - Level 0.8 Fighting
 - Level 0.4 Short Blades
 - Level 2.8 Dodging
 - Level 1.4 Stealth
 - Level 3.2 Spellcasting
 + Level 3.4 Conjurations
 - Level 5.2 Ice Magic


You had 2 spell levels left.
You knew the following spells:

 Your Spells              Type           Power      Damage    Failure   Level
a - Freeze                Ice            84%        1d10      1%          1
b - Frozen Ramparts       Ice            42%        1d7       5%          3
c - Hailstorm             Conj/Ice       18%        3d6       26%         4

Your spell library contained the following spells:

 Spells                   Type           Power      Damage    Failure   Level
 Ozocubu's Armour         Ice            21%        N/A       5%          3


Dungeon Overview and Level Annotations

Branches:
Dungeon (4/15) Zot: 1597
 Temple: D:4-7

Altars:
Hepliaklqana
Zin

Shops:
D:4 [(:

Portals:
Sewer: D:4

Annotations:
D:4 3 runed translucent doors, necoarcsad's ghost, weakling TrBe


Innate Abilities, Weirdness & Mutations

You passively map a small area around you.
You are easily found by Zot.
You glow in the dark.
You regain HP and MP as you explore.


Message History

Your +0 robe glows green for a moment.
The frozen ramparts melt away as you move.
A river rat and a rat come into view.
Found a chain mail.
An adder and a giant cockroach come into view.
Found a glowing drain.
Casting: Frozen Ramparts (dangerous; 5% risk of failure)
Confirm with . or Enter, or press ? or * to list all spells.
Casting: Frozen Ramparts (dangerous; 5% risk of failure)
Press: ? - help, Dir - look around, f - activate The walls around you are covered in ice.
The wall freezes the rat.
You kill the rat!
The wall freezes the river rat but does no damage.
The river rat bites you.
The wall freezes the river rat.
The river rat barely misses you.
The wall freezes the giant cockroach.
You kill the giant cockroach!
The wall freezes the river rat.
The river rat bites you!
The wall freezes the river rat.
The river rat barely misses you.
The adder hisses angrily.
The wall freezes the river rat but does no damage.
The river rat bites you!
A river rat comes into view.
The wall freezes the river rat but does no damage.
The river rat misses you.
The wall freezes the river rat but does no damage.
The river rat bites you.
* * * LOW HITPOINT WARNING * * *
The wall freezes the adder.
The adder seems to slow down.
Casting: Frozen Ramparts (dangerous; 5% risk of failure)
Confirm with . or Enter, or press ? or * to list all spells.
The spell is extremely dangerous to miscast (26% risk of failure)!
Continue anyway?
Casting: Hailstorm (extremely dangerous; 26% risk of failure)
Press: ? - help, Dir - look around, f - activate A cannonade of hail descends around you!
The hail pelts the adder!
You kill the adder!
The frozen ramparts melt away.
The river rat bites you!
You die...

#######...#...)..# ##>..,
#...........8.8.8#####......
#.#########..⌠.⌠.........
..8 , ##8.∩.8###... ## *, ,
, #.⌠.⌠.###.#.#..## *, , . ,
#8.8.8....#.....# , , ~~.,,
####..###...#, , ,
~~~..##....##...###,
∩~~.†.r@##.#.†### , , ,
~~~.[##......## *, ,, , ,
~~.., #......# < , ..
.........# , , ,..#.......#
* **# ##......# , , #......#
, ######## ,, , ,,


You could see a river rat.

Vanquished Creatures
  A jelly (D:4)
  An orc wizard (D:3)
  2 adders (D:4)
  An ufetubus (D:4)
  A worm (D:4)
  2 dart slugs
  4 orcs
  An endoplasm (D:4)
  4 giant cockroaches
  3 goblins
  3 hobgoblins (D:4)
  4 jackals (D:4)
  2 quokkas
  2 ball pythons
  4 bats
  2 frilled lizards
  2 kobolds
  A rat (D:4)
40 creatures vanquished.

Notes
Turn   | Place    | Note
-------+----------+-------------------------------------------
     0 | D:1      | hawla the Meteoran Ice Elementalist began the quest for the
                  | Orb.
     0 | D:1      | Reached XP level 1. HP: 14/14 MP: 5/5
   196 | D:2      | Reached XP level 2. HP: 20/20 MP: 6/6
   320 | D:3      | Reached XP level 3. HP: 12/26 MP: 6/8
   324 | D:3      | Learned a level 3 spell: Frozen Ramparts
   371 | D:3      | Reached skill level 5 in Ice Magic
   371 | D:3      | Reached XP level 4. HP: 14/34 MP: 2/9
   381 | D:3      | Learned a level 4 spell: Hailstorm
   383 | D:3      | Found the +1 Delatra's gloves {ID++}
   442 | D:3      | Found a hazy altar of Hepliaklqana.
   476 | D:4      | Found Byfyci's Book Shoppe.
   485 | D:4      | Reached skill level 1 in Conjurations
   584 | D:4      | Found Moiwkoijeb's Antique Weapon Boutique.
   596 | D:4      | Found a glowing silver altar of Zin.
   618 | D:4      | Found a runed translucent gate.
   621 | D:4      | Found a runed translucent gate.
   621 | D:4      | Found a runed translucent gate.
   622 | D:4      | Noticed necoarcsad's ghost (weakling TrBe)
   726 | D:4      | Found Qahacuirr's Armour Boutique.
   734 | D:4      | Reached XP level 5. HP: 32/39 MP: 6/10
   816 | D:4      | Found a glowing drain.
   824 | D:4      | Slain by a river rat

Illustrated notes

Levels and vault maps discovered:
D:1:      tarquinn_simple_flora_water_d, layout_loops_ring, serial_shops, shop,
          shapermc_ecumenical_altar_flowoftime
D:2:      layout_basic, eino_tiny_chamber, nrook_mini_backslash,
          minmay_indecisive_spiral
D:3:      layout_basic, mainiacjoe_overflow_paths,
          gammafunk_ghost_nasty_kobolds, nicolae_kite_square_tiling_tiny,
          minmay_misc_feat_hallway, st_stairs_10, pf_guarded_unrand_delatra
D:4:      layout_rooms, marbit_many_paths, gammafunk_ghost_split,
          portal_sewer_entry_a, serial_shops,
          nicolae_shop_temple_entry_statues_fountains, nicolae_stop_n_shop_2,
          shop, nicolae_shop_statue_plus, uniq_grinder

Skill      XL: |  1  2  3  4  5 |
---------------+----------------+-----
Spellcasting   | 3 |  3.2
Ice Magic      | 5 |  5.2
Conjurations   | 2 3 |  3.4
Fighting       | |  0.8
Short Blades   | |  0.4
Dodging        | |  2.8
Stealth        | |  1.4

Action                   |  1- 3 |  4- 6 || total
-------------------------+-------+-------++-------
Melee: Quick blade       |    42 |    27 ||    69
 Cast: Freeze            |    16 |     4 ||    20
       Frozen Ramparts   |     1 |     7 ||     8
       Hailstorm         |       |     1 ||     1
  Use: Scroll            |     1 |     4 ||     5
Armor: Robe              |    10 |     4 ||    14
Dodge: Dodged            |    27 |    14 ||    41
